[Event "Titled Tuesday Blitz January 31 Early 2023"]
[White "Gonzalez, Francisco Silva"]
[Black "Martin, Lewis"]
[WhiteFideId "1512285"]
[BlackFideId "410551"]
[WhiteElo "2021"]
[BlackElo "2135"]
[Result "1-0"]
[Round "08"]
[TimeControl "180+2"]
[Date "2023.01.31"]
[WhiteClock "0:01:19"]
[BlackClock "0:00:13"]

1. d4 d5 2. c4 c6 3. Nc3 dxc4 4. e4 e5 5. Nf3 exd4 6. Nxd4 b5 7. Be3 Nf6 8. h3 Bb4 9. f3 O-O 10. a4 Nxe4 11. fxe4 Qh4+ 12. Bf2 Qxe4+ 13. Qe2 Qg6 14. axb5 Bd7 15. Qxc4 Bxc3+ 16. Qxc3 Re8+ 17. Kd1 cxb5 18. Qd3 Nc6 19. Qxg6 hxg6 20. Nxb5 Rad8 21. Kc2 Bf5+ 22. Kc3 Ne5 23. Rxa7 Rd1 24. g4 Be4 25. Rg1 Rc8+ 26. Kb4 Nc6+ 27. Kb3 Bd5+ 28. Ka4 Nxa7 29. Bxa7 Bc6 30. Kb4 Re8 31. Bc4 Rxg1 32. Bxg1 Re1 33. Bd4 Re4 34. Kc5 Bxb5 35. Bxb5 Re1 36. b4 Rc1+ 37. Bc4 Kh7 38. b5 f5 39. gxf5 gxf5 40. b6 f4 41. b7 1-0


[Site "https://www.chess.com"]

[Event "Titled Tuesday Blitz January 31 Early 2023"]
[White "Zampronha, Wladimir Camilo"]
[Black "Sai Han Thiha"]
[WhiteFideId "2103087"]
[BlackFideId "13012290"]
[WhiteElo "2176"]
[BlackElo "2070"]
[Result "1/2-1/2"]
[Round "08"]
[TimeControl "180+2"]
[Date "2023.01.31"]
[WhiteClock "0:00:11"]
[BlackClock "0:00:03"]

1. e4 c6 2. d4 d5 3. e5 c5 4. Nf3 cxd4 5. Nxd4 Nc6 6. c4 e6 7. Nc3 Bb4 8. Nxc6 bxc6 9. Qa4 a5 10. a3 Bxc3+ 11. bxc3 Ne7 12. Bd3 O-O 13. O-O dxc4 14. Bxc4 Ng6 15. Re1 Qc7 16. Bd3 Ba6 17. Bxg6 hxg6 18. Qe4 Rfd8 19. Be3 Bd3 20. Qf4 c5 21. Qg3 a4 22. f4 Rab8 23. Qf2 c4 24. Bc5 Rb3 25. Bb4 Qc6 26. Re3 Qd5 27. Rd1 Qc6 28. Rd2 Rb1+ 29. Re1 Rxe1+ 30. Qxe1 Rd5 31. Qf2 g5 32. Bd6 Rb5 33. h3 Rb1+ 34. Kh2 gxf4 35. Qxf4 Rb3 36. Rf2 Qd7 37. Bb4 Rb1 38. Rd2 Qb7 39. Rf2 Rd1 40. Rd2 Rxd2 41. Qxd2 Qe4 42. Bd6 f5 43. Qf2 Qb7 44. Qg3 Be4 45. Qf2 Qb3 46. Bb4 Qb1 47. Qg3 Qc2 48. h4 Qe2 49. Qg5 Kf7 50. h5 Ke8 51. Qxg7 Qxh5+ 52. Kg1 Qd1+ 53. Kh2 Qh5+ 54. Kg1 Qd1+ 55. Kh2 Qh5+ 1/2-1/2


[Site "https://www.chess.com"]

[Event "Titled Tuesday Blitz January 31 Early 2023"]
[White "Krzywda, Andrzej"]
[Black "Lopez Idarraga, Daniel Eduardo"]
[WhiteFideId "1114565"]
[BlackFideId "4405501"]
[WhiteElo "2223"]
[BlackElo "2009"]
[Result "0-1"]
[Round "08"]
[TimeControl "180+2"]
[Date "2023.01.31"]
[WhiteClock "0:00:15"]
[BlackClock "0:00:06"]

1. d4 Nf6 2. c4 e6 3. Nf3 d5 4. g3 dxc4 5. Bg2 b5 6. O-O Bb7 7. a4 a6 8. Nc3 b4 9. Na2 c5 10. Bg5 cxd4 11. Nxd4 Bxg2 12. Kxg2 Nbd7 13. Qd2 Qb6 14. f3 Bc5 15. Be3 O-O 16. Rac1 Ne5 17. Bf2 Rfd8 18. Rfd1 Ra7 19. Qe1 Bxd4 20. Bxd4 Rxd4 21. Qf2 Rad7 22. Nxb4 R4d6 23. Rxd6 Qxf2+ 24. Kxf2 Rxd6 25. f4 Neg4+ 26. Kf3 Nxh2+ 27. Kg2 Nhg4 28. Kf3 h5 29. Rxc4 Rd2 30. Nxa6 Rxb2 31. Rc8+ Kh7 32. Nc5 Rc2 33. a5 Nd7 34. a6 Nxc5 35. a7 Rc3+ 36. Kg2 Ra3 37. Rxc5 Rxa7 38. Rxh5+ Kg8 39. Rb5 Nf6 40. Kf3 Rd7 41. e3 g6 42. g4 Kg7 43. Rb8 Rd3 44. Rb1 Nd5 45. Re1 f5 46. g5 Kf7 47. Re2 Ke7 48. Kf2 Kd6 49. Re1 e5 50. Ra1 Nxe3 51. Ra6+ Kd5 52. Rxg6 exf4 53. Ra6 Ng4+ 54. Kg2 Rg3+ 55. Kf1 Ke4 56. g6 Kf3 57. Ra3+ Ne3+ 58. Rxe3+ fxe3 59. g7 e2+ 60. Ke1 Rg1+ 61. Kd2 e1=Q+ 62. Kd3 Rxg7 63. Kc4 Rd7 64. Kc5 Qc1+ 65. Kb6 Rd2 66. Kb7 Rb2+ 67. Ka7 Qa1# 0-1


[Site "https://www.chess.com"]

[Event "Titled Tuesday Blitz January 31 Early 2023"]
[White "Osmonbekov, Talaibek"]
[Black "Babikov, Ivan"]
[WhiteFideId "2017253"]
[BlackFideId "4161106"]
[WhiteElo "2137"]
[BlackElo "2239"]
[Result "1-0"]
[Round "08"]
[TimeControl "180+2"]
[Date "2023.01.31"]
[WhiteClock "0:00:18"]
[BlackClock "0:00:06"]

1. d4 d5 2. Bf4 Nf6 3. Nc3 e6 4. e3 c5 5. Nb5 Na6 6. c3 Be7 7. Nf3 O-O 8. Ne5 Bd7 9. a4 Bxb5 10. axb5 Nc7 11. Bd3 c4 12. Bc2 Nxb5 13. g4 Nd6 14. g5 Nfe4 15. Rg1 g6 16. h4 Nf5 17. h5 Nxg5 18. Qg4 f6 19. Bxg5 fxg5 20. hxg6 h6 21. Nf7 Qd7 22. Qh5 Rxf7 23. gxf7+ Kg7 24. Rh1 Rh8 25. Rxa7 Nh4 26. Rxh4 gxh4 27. Qg6+ Kf8 28. Ra8+ Bd8 29. Qf6 Qe7 30. Qxh8+ Kxf7 31. Rxd8 h3 32. Qh7+ Kf6 33. Qg6# 1-0


[Site "https://www.chess.com"]

[Event "Titled Tuesday Blitz January 31 Early 2023"]
[White "Thomas, Anysia"]
[Black "Vasques, Antonio Pedro Freixial"]
[WhiteFideId "670472"]
[BlackFideId "1908332"]
[WhiteElo "2147"]
[BlackElo "2214"]
[Result "0-1"]
[Round "08"]
[TimeControl "180+2"]
[Date "2023.01.31"]
[WhiteClock "0:00:02"]
[BlackClock "0:01:50"]

1. d4 Nf6 2. c4 e6 3. Nf3 d5 4. g3 Bb4+ 5. Bd2 Be7 6. Bg2 O-O 7. O-O dxc4 8. Qc2 Bd7 9. Qxc4 Bc6 10. Nc3 a6 11. Bf4 Nbd7 12. Rfe1 Nb6 13. Qd3 Nbd5 14. Nxd5 Nxd5 15. Bd2 Bb5 16. Qb3 c5 17. a4 Bc6 18. Ne5 cxd4 19. Qc4 Nb6 20. Qb3 Bxg2 21. Kxg2 Qd5+ 22. Qxd5 Nxd5 23. Red1 Rfd8 24. Ba5 b6 25. Be1 Bf6 26. Nc6 Rd6 27. Nxd4 Rad8 28. e3 e5 29. e4 Ne7 30. Bb4 Rxd4 31. Rxd4 Rxd4 32. Bxe7 Bxe7 33. Rc1 Bc5 34. b4 Rxb4 0-1


[Site "https://www.chess.com"]

[Event "Titled Tuesday Blitz January 31 Early 2023"]
[White "Kornyukov, Alexey"]
[Black "Kirillov, Dmitry"]
[WhiteFideId "4150457"]
[BlackFideId "34180572"]
[WhiteElo "2452"]
[BlackElo "2179"]
[Result "1-0"]
[Round "08"]
[TimeControl "180+2"]
[Date "2023.01.31"]
[WhiteClock "0:00:15"]
[BlackClock "0:00:02"]

1. e4 c5 2. c3 Qa5 3. Nf3 g6 4. Bc4 Nc6 5. O-O Bg7 6. d4 cxd4 7. cxd4 d6 8. Bd2 Qb6 9. Be3 Qxb2 10. Nbd2 Nf6 11. Rb1 Qc3 12. Rb3 Qa5 13. d5 Nb8 14. Bb5+ Nbd7 15. Nc4 Qd8 16. e5 dxe5 17. Ncxe5 O-O 18. Bxd7 Nxd7 19. Bd4 Nxe5 20. Bxe5 Bxe5 21. Nxe5 Qd6 22. Nc4 Qc5 23. Qd3 b6 24. Rc3 Ba6 25. Rfc1 Rfd8 26. Qg3 Qxd5 27. Ne3 Qd6 28. Qf3 Rac8 29. Rxc8 Rxc8 30. Rxc8+ Bxc8 31. h3 Be6 32. Qa8+ Kg7 33. Qxa7 b5 34. Qb7 b4 35. Qa7 Qd2 36. Qxe7 Qxa2 37. Qxb4 Qa1+ 38. Kh2 Qe5+ 39. Kg1 Qa1+ 40. Kh2 Qe5+ 41. Kg1 h5 42. Qd2 f5 43. Nf1 f4 44. f3 Qc5+ 45. Qf2 Qe5 46. Nd2 Qe3 47. Ne4 Qxf2+ 48. Kxf2 Bf5 49. Nd6 Bd3 50. Ke1 Kf6 51. Nb7 Kg5 52. Nc5 Bc4 53. Ne4+ Kh4 54. Kf2 Bd3 55. Nf6 Kg5 56. Nd5 Bc4 57. h4+ Kf5 58. Nc3 1-0


[Site "https://www.chess.com"]

[Event "Titled Tuesday Blitz January 31 Early 2023"]
[White "Prieto Aranguren, Alain"]
[Black "Michalski, Olaf"]
[WhiteFideId "2268906"]
[BlackFideId "1106740"]
[WhiteElo "2258"]
[BlackElo "2273"]
[Result "0-1"]
[Round "08"]
[TimeControl "180+2"]
[Date "2023.01.31"]
[WhiteClock "0:01:04"]
[BlackClock "0:01:11"]

1. e4 c5 2. Bc4 e6 3. Qf3 a6 4. d3 Nc6 5. Nc3 b5 6. Bb3 b4 7. Nce2 Nf6 8. Nh3 Be7 9. Ng5 O-O 10. h4 h6 11. Nh3 a5 12. a4 d5 13. g4 dxe4 14. dxe4 Ne5 15. Qg3 Nfxg4 16. f3 Bxh4 17. fxg4 Bxg3+ 18. Nxg3 c4 19. Ba2 b3 20. cxb3 Nd3+ 21. Ke2 Nxc1+ 22. Raxc1 cxb3 23. Bb1 Ba6+ 24. Kf3 Rc8 25. Rcd1 Qf6+ 26. Kg2 Qxb2+ 27. Nf2 Rfd8 28. g5 hxg5 29. e5 Bb7+ 30. Ne4 Rd2 31. Rxd2 Qxd2 32. Rd1 Qf4 33. Rd7 Bd5 34. Bd3 b2 35. Kf1 Bxe4 36. Bxe4 Qxe4 37. Nxe4 b1=Q+ 0-1


[Site "https://www.chess.com"]

[Event "Titled Tuesday Blitz January 31 Early 2023"]
[White "Tuleyeva-Aketayeva, Dana"]
[Black "rikchessmx"]
[WhiteFideId "13701932"]
[WhiteElo "2130"]
[BlackElo "2329"]
[Result "1-0"]
[Round "08"]
[TimeControl "180+2"]
[Date "2023.01.31"]
[WhiteClock "0:01:14"]
[BlackClock "0:00:04"]

1. d4 d5 2. Nf3 e6 3. g3 Nf6 4. Bg2 h6 5. O-O g5 6. c4 c6 7. Nc3 Bg7 8. Nd2 Nbd7 9. e4 dxe4 10. Ndxe4 Nxe4 11. Nxe4 Nf6 12. Nc3 Qc7 13. Be3 Bd7 14. Rc1 O-O-O 15. d5 Kb8 16. d6 Qa5 17. c5 Nd5 18. Nxd5 exd5 19. Bd4 Bxd4 20. Qxd4 h5 21. b4 Qb5 22. Rfe1 h4 23. Bf1 Qa4 24. Qb2 Bf5 25. Rc3 a5 26. Ra3 Qxb4 27. Rb3 Qxc5 28. Rxb7+ Ka8 29. Rxf7 1-0


[Site "https://www.chess.com"]

[Event "Titled Tuesday Blitz January 31 Early 2023"]
[White "Mangialardo, Tiago Carvalho"]
[Black "Dwilewicz, Katarzyna"]
[WhiteFideId "2130718"]
[BlackFideId "1148486"]
[WhiteElo "1965"]
[BlackElo "2115"]
[Result "0-1"]
[Round "08"]
[TimeControl "180+2"]
[Date "2023.01.31"]
[WhiteClock "0:00:01"]
[BlackClock "0:00:24"]

1. e4 c5 2. Nf3 d6 3. d4 cxd4 4. Nxd4 Nf6 5. Nc3 a6 6. Be3 e6 7. Be2 Be7 8. Qd2 b5 9. Bf3 Bb7 10. a3 Qc7 11. O-O Nbd7 12. Rfe1 O-O 13. Rad1 Rac8 14. h3 Ne5 15. Bg5 Nxf3+ 16. Nxf3 Rfd8 17. Qf4 h6 18. Bxf6 Bxf6 19. Rd3 Bc6 20. Red1 Be7 21. Qg3 a5 22. Qg4 b4 23. axb4 axb4 24. Ne2 Bb5 25. R3d2 Bf6 26. Ned4 Ba4 27. b3 Bd7 28. Qg3 e5 29. Nf5 Bxf5 30. exf5 Qc6 31. Ne1 d5 32. Nd3 Qc3 33. Re2 e4 34. Nf4 Qxg3 35. fxg3 Rc5 36. Red2 d4 37. Kf1 Rxf5 38. Ke2 Rc5 39. Ke1 g6 40. Ne2 Rcd5 41. Nf4 R5d6 42. Ne2 Kg7 43. Nf4 Be5 44. Kf2 f5 45. Ke2 g5 46. Nh5+ Kg6 47. g4 f4 48. Kf1 Rc8 49. h4 Rdc6 50. Rc1 Rc3 51. Ke2 Rxb3 52. cxb3 Rxc1 0-1


[Site "https://www.chess.com"]

[Event "Titled Tuesday Blitz January 31 Early 2023"]
[White "Hrbek, Stepan"]
[Black "kiwibobo"]
[WhiteFideId "393479"]
[WhiteElo "2306"]
[BlackElo "2040"]
[Result "1-0"]
[Round "08"]
[TimeControl "180+2"]
[Date "2023.01.31"]
[WhiteClock "0:00:06"]
[BlackClock "0:00:01"]

1. e4 e5 2. Nf3 Nc6 3. Bb5 a6 4. Bxc6 dxc6 5. O-O Qd6 6. d4 exd4 7. Qxd4 Qxd4 8. Nxd4 Bd7 9. Nc3 O-O-O 10. Be3 Re8 11. Rfe1 Bb4 12. Bd2 Nf6 13. e5 Ng4 14. Nf3 Bc5 15. Ne4 Bb6 16. Bc3 Bf5 17. h3 Bxe4 18. Rxe4 Nxf2 19. Re2 Nxh3+ 20. Kh2 Nf4 21. Re4 Nd5 22. Bd2 f6 23. c4 Ne7 24. exf6 gxf6 25. Bc3 Nf5 26. Rae1 Nd6 27. Re6 Rxe6 28. Rxe6 Nxc4 29. Rxf6 Rg8 30. Rf7 Ne3 31. Nh4 Rg4 32. Kh3 h5 33. Rh7 Rg5 34. Bf6 Rf5 35. Nxf5 Nxf5 36. Rxh5 Nd6 37. g4 Kd7 38. Bc3 Ne4 39. Re5 Nf2+ 40. Kg3 Bc5 41. Kf3 Nd3 42. Re2 Bd6 43. g5 Nf4 44. Rd2 Ng6 45. Kg4 Ke6 46. Re2+ Kf7 47. Kf5 Ne7+ 48. Kg4 Ng6 49. Rf2+ Ke7 50. Rf6 Ne5+ 51. Bxe5 Bxe5 52. Rf2 Ke6 53. g6 Bg7 54. Rf7 Bxb2 55. Rxc7 b5 56. g7 1-0


[Site "https://www.chess.com"]

[Event "Titled Tuesday Blitz January 31 Early 2023"]
[White "Mosquera, Miguel"]
[Black "Cueto, Jonny"]
[WhiteFideId "4401131"]
[BlackFideId "3300145"]
[WhiteElo "2371"]
[BlackElo "2122"]
[Result "0-1"]
[Round "08"]
[TimeControl "180+2"]
[Date "2023.01.31"]
[WhiteClock "0:00:01"]
[BlackClock "0:00:43"]

1. e4 e6 2. d4 d5 3. e5 c5 4. c3 Qb6 5. Nf3 Nc6 6. Bd3 cxd4 7. cxd4 Bd7 8. Bc2 Nb4 9. O-O Nxc2 10. Qxc2 Rc8 11. Nc3 Ne7 12. a3 Nf5 13. Be3 Be7 14. Qe2 O-O 15. Kh1 Qb3 16. Rab1 a6 17. g4 Nxe3 18. fxe3 Bb5 19. Nxb5 axb5 20. Nd2 Rc2 21. Qd1 Qd3 22. Nf3 Qxd1 23. Rfxd1 Rfc8 24. b4 f6 25. exf6 gxf6 26. Rb3 Rf2 27. Nh4 Rcc2 28. Kg1 Bd6 0-1


[Site "https://www.chess.com"]

[Event "Titled Tuesday Blitz January 31 Early 2023"]
[White "Szente Varga, Fruzsina"]
[Black "Jiganchine, Roman"]
[WhiteFideId "712264"]
[BlackFideId "2603667"]
[WhiteElo "2075"]
[BlackElo "2205"]
[Result "1-0"]
[Round "08"]
[TimeControl "180+2"]
[Date "2023.01.31"]
[WhiteClock "0:01:12"]
[BlackClock "0:00:42"]

1. e4 c6 2. d4 d5 3. Nc3 dxe4 4. Nxe4 Nf6 5. Nxf6+ exf6 6. c3 Bd6 7. Bd3 Na6 8. Bxa6 bxa6 9. Ne2 O-O 10. O-O a5 11. Bf4 Ba6 12. Bxd6 Qxd6 13. Re1 Rab8 14. Qc2 h5 15. Ng3 g6 16. Ne4 Qd8 17. Nc5 Bc4 18. b3 Be6 19. Nxe6 fxe6 20. Rxe6 Kg7 21. Rae1 Rf7 22. Rxc6 Qd5 23. Rce6 Rc8 24. Qd3 Qg5 25. d5 a4 26. d6 Rd8 27. c4 h4 28. b4 Qg4 29. h3 Qg5 30. c5 a5 31. a3 Qf4 32. Re7 axb4 33. axb4 Rd7 34. Rxf7+ Kxf7 35. Qd5+ Kg7 36. Qe6 Rf7 37. c6 Qxb4 38. c7 Qc3 39. c8=Q 1-0


[Site "https://www.chess.com"]

[Event "Titled Tuesday Blitz January 31 Early 2023"]
[White "Martinez, Shawn"]
[Black "Mladek, Richard"]
[WhiteFideId "2039770"]
[BlackFideId "386588"]
[WhiteElo "1881"]
[BlackElo "2436"]
[Result "0-1"]
[Round "08"]
[TimeControl "180+2"]
[Date "2023.01.31"]
[WhiteClock "0:01:15"]
[BlackClock "0:00:59"]

1. d4 Nf6 2. c4 g6 3. Nc3 d5 4. cxd5 Nxd5 5. e4 Nxc3 6. bxc3 Bg7 7. Nf3 c5 8. Bc4 O-O 9. h3 Nc6 10. Be3 cxd4 11. cxd4 Qa5+ 12. Kf1 b6 13. Kg1 Ba6 14. Bb3 Rad8 15. d5 Ne5 16. Nd4 Bc4 17. f4 Qc3 18. Bf2 Nd3 19. Bxc4 Nxf2 20. Kxf2 Bxd4+ 21. Kf1 Qxc4+ 22. Qe2 Qxe2+ 23. Kxe2 Bxa1 24. Rxa1 Rc8 25. Kd3 Rc5 0-1


[Site "https://www.chess.com"]

[Event "Titled Tuesday Blitz January 31 Early 2023"]
[White "Wartiovaara, Oliver"]
[Black "Cramling Bellon, Anna"]
[WhiteFideId "513024"]
[BlackFideId "32009232"]
[WhiteElo "2264"]
[BlackElo "2043"]
[Result "1-0"]
[Round "08"]
[TimeControl "180+2"]
[Date "2023.01.31"]
[WhiteClock "0:01:40"]
[BlackClock "0:00:12"]

1. e4 c5 2. Nc3 Nc6 3. Bb5 e6 4. Bxc6 dxc6 5. d3 Nf6 6. Nge2 Be7 7. O-O O-O 8. Ng3 e5 9. f4 Qd4+ 10. Kh1 Ng4 11. Qe1 Bh4 12. h3 Nf2+ 13. Qxf2 Qxf2 14. Rxf2 Bxg3 15. Rf3 exf4 16. Bxf4 Bxf4 17. Rxf4 Be6 18. Raf1 b5 19. b3 a5 20. a4 Rab8 21. e5 Bd5 22. axb5 Rbd8 23. b6 Rb8 24. Na4 Rfe8 25. c4 Be6 26. d4 cxd4 27. Rxd4 c5 28. Rd6 Red8 29. Rfd1 Rxd6 30. Rxd6 Kf8 31. Nxc5 Ke7 32. Nxe6 fxe6 33. c5 g5 34. c6 Rxb6 35. c7 Rxd6 36. c8=Q Rd1+ 37. Kh2 h5 38. Qc7+ Rd7 39. Qxa5 g4 40. hxg4 hxg4 41. Qc5+ Kf7 42. Qc4 Rd5 43. Qf4+ Ke7 44. Qf6+ Kd7 45. Qf7+ Kc6 46. Qxe6+ Kc5 47. Qxd5+ Kxd5 48. Kg3 Kxe5 49. Kxg4 Kd4 50. Kf5 Kc3 51. g4 Kxb3 52. g5 Kc4 53. g6 Kd5 54. g7 Kd6 55. g8=Q Ke7 56. Qe6+ Kd8 57. Qf7 Kc8 58. Ke5 Kb8 59. Kd6 Ka8 60. Kc6 Kb8 61. Qb7# 1-0


[Site "https://www.chess.com"]

[Event "Titled Tuesday Blitz January 31 Early 2023"]
[White "Kostiukov, Alexandr"]
[Black "Hertlein, Irena"]
[WhiteFideId "14108100"]
[BlackFideId "21817618"]
[WhiteElo "2271"]
[BlackElo "1994"]
[Result "0-1"]
[Round "08"]
[TimeControl "180+2"]
[Date "2023.01.31"]
[WhiteClock "0:00:26"]
[BlackClock "0:00:38"]

1. e4 c5 2. Nf3 e6 3. d4 cxd4 4. Nxd4 a6 5. Nc3 b5 6. a3 Bb7 7. Qe2 Nc6 8. Be3 Nf6 9. O-O-O b4 10. axb4 Bxb4 11. Nxc6 Bxc6 12. Nd5 Bxd5 13. exd5 Qa5 14. Kb1 Nxd5 15. Bd4 O-O 16. c4 Nc3+ 17. bxc3 Bxc3 18. Kc2 Bxd4 19. Rxd4 Rab8 20. Kd3 Rb3+ 21. Kc2 Qc3+ 22. Kd1 Rb1# 0-1


[Site "https://www.chess.com"]

[Event "Titled Tuesday Blitz January 31 Early 2023"]
[White "Quirke, Jeffrey"]
[Black "Clawitter, Craig"]
[WhiteFideId "2013029"]
[BlackFideId "2023105"]
[WhiteElo "2007"]
[BlackElo "2050"]
[Result "0-1"]
[Round "08"]
[TimeControl "180+2"]
[Date "2023.01.31"]
[WhiteClock "0:00:03"]
[BlackClock "0:00:07"]

1. e4 e6 2. d4 d5 3. e5 c5 4. c3 Qb6 5. Nf3 Nc6 6. Bd3 cxd4 7. cxd4 Bd7 8. O-O Nxd4 9. Nc3 a6 10. Re1 Ne7 11. h4 Nec6 12. Ng5 Bb4 13. Qh5 g6 14. Qg4 h5 15. Qg3 Nf5 16. Bxf5 gxf5 17. Nxd5 exd5 18. e6 Bxe1 19. exd7+ Kxd7 20. Bf4 Qxf2+ 21. Qxf2 Bxf2+ 22. Kxf2 f6 23. Nf3 Rad8 24. Rd1 Kc8 25. g3 Rhe8 26. Rd2 Re4 27. b3 d4 28. Ne1 Ne5 29. Nd3 Nxd3+ 30. Rxd3 Kd7 31. Kf3 Ke6 32. Rd2 d3 33. Be3 Ke5 34. Kf2 Rd5 35. Kf3 Rb4 36. Kf2 Ke4 37. Bf4 Rbb5 38. Be3 Rb4 39. Bf4 Rc5 40. Be3 Rc2 41. Bf4 Rb5 42. Be3 Rd5 43. Bf4 Rdc5 44. Be3 Rxd2+ 45. Bxd2 Rc2 46. Ke1 Kf3 47. Bf4 Rxa2 48. b4 Rb2 49. Bd6 Ke3 50. Bf4+ Kf3 51. Bd6 Ke4 52. Bc5 d2+ 53. Kd1 Kd3 0-1


[Site "https://www.chess.com"]

[Event "Titled Tuesday Blitz January 31 Early 2023"]
[White "Ardila, Oscar Humberto"]
[Black "Player, Edmund C"]
[WhiteFideId "4404742"]
[BlackFideId "406520"]
[WhiteElo "1982"]
[BlackElo "2204"]
[Result "1-0"]
[Round "08"]
[TimeControl "180+2"]
[Date "2023.01.31"]
[WhiteClock "0:00:29"]
[BlackClock "0:00:03"]

1. d4 Nf6 2. Nf3 g6 3. g3 Bg7 4. Bg2 d5 5. O-O O-O 6. Bg5 Ne4 7. Be3 b6 8. Nbd2 Nxd2 9. Qxd2 Bb7 10. Bh6 Nd7 11. h4 Nf6 12. Bxg7 Kxg7 13. Qf4 Ne4 14. Ne5 f6 15. Nd3 Qd7 16. c3 Rae8 17. Bxe4 dxe4 18. Ne1 e5 19. dxe5 Rxe5 20. Ng2 Rf5 21. Qe3 Rd8 22. Nf4 Rb5 23. b3 Re5 24. Rad1 Qxd1 25. Rxd1 Rxd1+ 26. Kh2 c5 27. b4 Kf7 28. bxc5 Rxc5 29. c4 Rd7 30. Qa3 a5 31. Qb3 Rd6 32. Ng2 Bc8 33. Ne3 Be6 34. a4 Rdc6 35. Qb1 f5 36. Qb2 Rc8 37. Qxb6 Bxc4 38. h5 Bxe2 39. Qa7+ R8c7 40. Qb8 Bxh5 41. Qd8 Be2 42. Ng2 Bc4 43. Nf4 g5 44. Nh5 Kg6 45. g4 fxg4 46. Ng3 Bd5 47. Qd6+ Kg7 48. Qe5+ Kh6 49. Qf6# 1-0


[Site "https://www.chess.com"]

[Event "Titled Tuesday Blitz January 31 Early 2023"]
[White "Winkels, Marcel"]
[Black "Schut, Han"]
[WhiteFideId "1003887"]
[BlackFideId "1005561"]
[WhiteElo "1960"]
[BlackElo "2101"]
[Result "0-1"]
[Round "08"]
[TimeControl "180+2"]
[Date "2023.01.31"]
[WhiteClock "0:00:01"]
[BlackClock "0:00:11"]

1. e4 c5 2. Nf3 d6 3. d4 cxd4 4. Nxd4 Nf6 5. Nc3 a6 6. Bc4 e6 7. O-O b5 8. Bb3 b4 9. Na4 Bd7 10. a3 bxa3 11. bxa3 Nxe4 12. Nxe6 fxe6 13. Re1 d5 14. Bxd5 exd5 15. Qxd5 Bc6 16. Rxe4+ Be7 17. Qh5+ g6 18. Qe5 O-O 19. Qxe7 Bxe4 20. Qe6+ Rf7 21. Bb2 Qe7 22. Qc8+ Rf8 23. Qc3 Kf7 24. Nb6 Ra7 25. Re1 Rc7 26. Qd4 Rd7 27. Nxd7 Nxd7 28. Qxe4 Qxe4 29. Rxe4 Rc8 30. Rd4 Ke6 31. c4 Nb6 32. Re4+ Kd7 33. Rf4 Nxc4 34. Bd4 Ke6 35. Rf6+ Kd5 36. Rf4 Nxa3 37. Rg4 Rc1# 0-1


[Site "https://www.chess.com"]

[Event "Titled Tuesday Blitz January 31 Early 2023"]
[White "Ciuffoletti, Paolo"]
[Black "Ricaurte Lopez, Juan Carlos"]
[WhiteFideId "807630"]
[BlackFideId "3600327"]
[WhiteElo "2106"]
[BlackElo "2226"]
[Result "1-0"]
[Round "08"]
[TimeControl "180+2"]
[Date "2023.01.31"]
[WhiteClock "0:00:05"]
[BlackClock "0:00:04"]

1. e4 e5 2. Nf3 d5 3. exd5 e4 4. Qe2 Nf6 5. Nc3 Be7 6. Nxe4 Nxd5 7. d4 O-O 8. Qd1 Re8 9. Be2 Bb4+ 10. c3 Rxe4 11. cxb4 Nxb4 12. O-O Bg4 13. Be3 N8c6 14. Qb3 a5 15. Ng5 Be6 16. Bc4 a4 17. Qc3 Bxc4 18. Qxc4 Re7 19. Rad1 Qd5 20. Qxd5 Nxd5 21. Rfe1 Rae8 22. Rd3 Ncb4 23. Rd2 Nxa2 24. Nf3 f6 25. Rde2 Nab4 26. Nd2 Nc2 27. Rc1 Ncxe3 28. fxe3 Rxe3 29. Rxe3 Rxe3 30. Rc4 Rd3 31. Nf3 Rb3 32. Rxa4 Rxb2 33. Ra8+ Kf7 34. Rd8 c6 35. h3 Ke7 36. Rg8 Kf7 37. Rd8 g5 38. Rd7+ Ke6 39. Rxh7 Nf4 40. Ne1 b5 41. Rc7 Kd6 42. Rf7 Nd5 43. Ra7 b4 44. Kf1 Ne3+ 45. Kg1 b3 46. Rb7 Kd5 47. Nf3 1-0


[Site "https://www.chess.com"]

[Event "Titled Tuesday Blitz January 31 Early 2023"]
[White "Adithya A Chullikkad"]
[Black "Corredor Castellanos, Camilo"]
[WhiteFideId "45078734"]
[BlackFideId "4425871"]
[WhiteElo "2259"]
[BlackElo "1957"]
[Result "0-1"]
[Round "08"]
[TimeControl "180+2"]
[Date "2023.01.31"]
[WhiteClock "0:02:38"]
[BlackClock "0:02:37"]

1. d4 Nf6 2. Bf4 d5 3. e3 c5 4. Nf3 Nc6 5. c3 Qb6 6. Qb3 c4 7. Qc2 Bf5 8. Qxf5 Qxb2 9. Be2 e6 10. Qg5 Qxa1 11. O-O Qxa2 12. Ne5 Qxe2 0-1


[Site "https://www.chess.com"]

[Event "Titled Tuesday Blitz January 31 Early 2023"]
[White "Kiseleva, Arina"]
[Black "MunichMouse"]
[WhiteFideId "4164989"]
[WhiteElo "1962"]
[BlackElo "2204"]
[Result "0-1"]
[Round "08"]
[TimeControl "180+2"]
[Date "2023.01.31"]
[WhiteClock "0:00:01"]
[BlackClock "0:00:07"]

1. d4 Nf6 2. Nf3 g6 3. c4 Bg7 4. Nc3 O-O 5. e4 d6 6. h3 Nbd7 7. Bd3 e5 8. d5 a5 9. Be3 Nc5 10. Bc2 Ne8 11. g4 f5 12. gxf5 gxf5 13. Bg5 Bf6 14. Rg1 Kh8 15. Bh6 Ng7 16. exf5 Rg8 17. Ng5 Qe8 18. Qd2 Nxf5 19. Bxf5 Bxf5 20. h4 Rg6 21. Nf3 Rxg1+ 22. Nxg1 Qg6 23. Bg5 Rg8 24. Nf3 Ne4 25. Nxe4 Bxe4 26. Qe3 Bxf3 27. Qxf3 Bxg5 28. hxg5 Qxg5 29. Ke2 Qg4 30. Rh1 Qxc4+ 31. Ke3 Qd4+ 32. Ke2 Qg4 33. Qxg4 Rxg4 34. Rh6 Kg7 35. Re6 Rf4 36. Re7+ Rf7 37. Re8 h5 38. Rb8 b6 39. Kf1 Kg6 40. Kg2 Rh7 41. Rg8+ Kf5 42. Rf8+ Ke4 43. Rc8 Kxd5 44. f3 Kd4 45. Kh3 Kd3 46. Kh4 Kc2 47. b3 Kb2 48. a4 Kxb3 49. Kg5 h4 50. Kg6 h3 51. Kxh7 h2 52. Rxc7 h1=Q+ 53. Kg7 Qxf3 54. Kg6 e4 55. Kg5 e3 0-1


[Site "https://www.chess.com"]

[Event "Titled Tuesday Blitz January 31 Early 2023"]
[White "Bongo Akanga Ndjila, Barthelemy"]
[Black "Alhadad, Mahmoud"]
[WhiteFideId "10609431"]
[BlackFideId "11501863"]
[WhiteElo "1824"]
[BlackElo "1840"]
[Result "1-0"]
[Round "08"]
[TimeControl "180+2"]
[Date "2023.01.31"]
[WhiteClock "0:00:15"]
[BlackClock "0:00:03"]

1. d4 d5 2. c4 Nc6 3. e3 e5 4. Nf3 exd4 5. Nxd4 Bb4+ 6. Nc3 Bxc3+ 7. bxc3 Nf6 8. Bd3 dxc4 9. Bxc4 O-O 10. O-O Ne5 11. Bb3 Bg4 12. f3 Bh5 13. e4 c5 14. Nf5 Qxd1 15. Bxd1 Rfd8 16. Bg5 Rd3 17. Rc1 h6 18. Bxf6 gxf6 19. Nxh6+ Kh7 20. Nf5 Bg6 21. Ng3 Rd2 22. f4 Nd3 23. Rb1 Kg7 24. Rxb7 Nxf4 25. Bb3 Nxg2 26. Nf5+ Bxf5 27. Rxf7+ Kg6 28. exf5+ Kg5 29. Kh1 Ne3 30. Rg7+ Kh6 31. Rg6+ Kh7 32. Rfg1 Nxf5 33. Rxf6 Nh4 34. h3 Re8 35. Rf7+ Kh6 36. Rf4 Ng6 37. Rf6 Ree2 38. Rfxg6+ Kh5 39. R1g5+ Kh4 40. Rg4+ Kxh3 41. Rg3+ Kh4 42. R6g4+ Kh5 43. Bf7+ Kh6 44. Rh3# 1-0


[Site "https://www.chess.com"]

[Event "Titled Tuesday Blitz January 31 Early 2023"]
[White "ritanovikova"]
[Black "Mohammadian, Mohammad"]
[BlackFideId "12566055"]
[WhiteElo "2206"]
[BlackElo "1398"]
[Result "1-0"]
[Round "08"]
[TimeControl "180+2"]
[Date "2023.01.31"]
[WhiteClock "0:01:49"]
[BlackClock "0:00:39"]

1. e4 e5 2. Nf3 Nc6 3. Bc4 Bc5 4. c3 Nf6 5. d4 exd4 6. cxd4 Bb4+ 7. Bd2 Bxd2+ 8. Nbxd2 d6 9. O-O Bg4 10. h3 Bh5 11. e5 dxe5 12. dxe5 Nxe5 13. Qe1 Bxf3 14. Nxf3 Nd7 15. Nxe5 O-O 16. Rd1 Qh4 17. Rxd7 Rae8 18. f4 Qxe1 19. Rxe1 Kh8 20. Nxf7+ Rxf7 21. Rxe8+ 1-0


[Site "https://www.chess.com"]